 Dungeon Crawl Stone Soup version 0.29-a0-555-g3b24f45cc1 (webtiles) character file.

Game seed: 1962282704909777072

36 dolemite99 the Twirler (level 3, 30/30 HPs)
             Began as a Minotaur Gladiator on June 7, 2022.
             Was a Follower of Kikubaaqudgha.
             Quit the game on level 1 of the Dungeon.
             The game lasted 00:00:54 (759 turns).

dolemite99 the Twirler (Minotaur Gladiator)          Turns: 759, Time: 00:00:54

Health: 30/30      AC:  4    Str: 20    XL:     3   Next: 19%
Magic:  2/2        EV: 12    Int:  5    God:    Kikubaaqudgha [*.....]
Gold:   40         SH:  0    Dex: 11    Spells: 2/2 levels left

rFire   . . .      SeeInvis .   a - +0 quarterstaff
rCold   . . .      Faith    .   (shield currently unavailable)
rNeg    . . .      Spirit   .   b - +0 leather armour
rPois   .          Reflect  .   c - +0 hat
rElec   .          Harm     .   g - +0 cloak
rCorr   .          Rampage  .   (no gloves)
Will    .....                   (no boots)
Stlth   +.........              (no amulet)
HPRegen 0.10/turn               (no ring)
MPRegen 0.08/turn               (no ring)

@: no status effects
A: horns 2, retaliatory headbutt
a: Renounce Religion, Unearth Wretches


You were on level 1 of the Dungeon.
You worshipped Kikubaaqudgha.
Kikubaaqudgha was aware of your devotion.
You visited 1 branch of the dungeon, and saw 1 of its levels.

You collected 40 gold pieces.

Inventory:

Hand Weapons
 a - a +0 quarterstaff (weapon)
Missiles
 d - 3 throwing nets (quivered)
 e - a javelin
Armour
 b - a +0 leather armour (worn)
 c - a +0 hat (worn)
 g - a +0 cloak (worn)
Jewellery
 h - an amulet of faith
Scrolls
 f - a scroll of identify {unknown}
 i - a scroll of magic mapping {unknown}
 j - a scroll of vulnerability {unknown}
 l - a scroll of teleportation {unknown}
 m - a scroll of amnesia {unknown}
Potions
 k - a potion of might {unknown}
 n - a potion of ambrosia {unknown}


   Skills:
 - Level 2.4 Fighting
 + Level 5.3 Staves
 - Level 2.0 Throwing
 - Level 3.2 Dodging


You had 2 spell levels left.
You didn't know any spells.
Your spell library contained the following spells:

 Spells                   Type           Power      Damage    Failure   Level
 Necrotize                Necr           0%         1d4       54%         1
 Blink                    Tloc           0%         N/A       67%         2
 Lesser Beckoning         Tloc           0%         N/A       88%         3
 Vampiric Draining        Necr           0%         2d6       88%         3
 Anguish                  Hex/Necr       0%         N/A       99%         4
 Animate Dead             Necr           0%         N/A       99%         4
 Agony                    Necr           0%         N/A       100%        5
 Manifold Assault         Tloc           0%         N/A       100%        5


Dungeon Overview and Level Annotations

Branches:
Dungeon (1/15)

Altars:
Kikubaaqudgha


Innate Abilities, Weirdness & Mutations

You have a pair of horns on your head.
You reflexively headbutt those who attack you in melee.


Message History

You closely miss the frilled lizard. You headbutt the frilled lizard.
You kill the frilled lizard!
An endoplasm comes into view.
The endoplasm quivers.
You sock the quokka!
You kill the quokka!
The endoplasm jiggles.
Found a sapphire potion.
Found a thin glowing staff.
An endoplasm is nearby!
You sock the endoplasm!
You kill the endoplasm!
You now have 17 gold pieces (gained 6).
You see here a frilled lizard corpse.
Key pressed, stopping explore.
No target in view!
m - a scroll labelled DER BIQUEN No target in view!
No target in view!
Found 5 gold pieces.
n - a sapphire potion
Found a whip.
No target in view!
Found a scythe.
No target in view!
Found a helmet.
Found a faded altar of an unknown god.
You now have 22 gold pieces (gained 5).
Found four items.
Found a scroll labelled GIWKEANUACW.
You now have 40 gold pieces (gained 18).
There are no items here.
There is a faded altar of an unknown god here.
You cannot tell which god this altar belongs to.
Convert to them anyway?
Kikubaaqudgha accepts your prayer! Kikubaaqudgha welcomes you!
You can now bring forth the wretched and dying.
Kikubaaqudgha grants you a gift!
You add the spells Anguish and Animate Dead to your library.
Are you sure you want to abandon this character and quit the game? (Confirm with "yes".)

###..........#.#
..............#
####..........#
#..........#
######..##.#
#.#########..##.#
#..)............#
#..###_#..#...#?#
#.....@#..#.).# #
#......#..#...#
#.....?...).....
#.............[..
##.#...#......#..#
#.#.($#?.....#..#
#.....#......# .#
.............


There were no monsters in sight!

Vanquished Creatures
  2 dart slugs (D:1)
  4 endoplasms (D:1)
  2 giant cockroaches (D:1)
  A goblin (D:1)
  6 hobgoblins (D:1)
  2 kobolds (D:1)
  A quokka (D:1)
  2 ball pythons (D:1)
  3 bats (D:1)
  2 frilled lizards (D:1)
  4 rats (D:1)
29 creatures vanquished.

Notes
Turn   | Place    | Note
-------+----------+-------------------------------------------
     0 | D:1      | dolemite99 the Minotaur Gladiator began the quest for the
                  | Orb.
     0 | D:1      | Reached XP level 1. HP: 18/18 MP: 0/0
    94 | D:1      | Reached skill level 4 in Staves
   185 | D:1      | Reached XP level 2. HP: 25/25 MP: 1/1
   447 | D:1      | Reached skill level 5 in Staves
   627 | D:1      | Reached XP level 3. HP: 30/30 MP: 2/2
   746 | D:1      | Found a faded altar of an unknown god.
   757 | D:1      | Prayed at the altar of an unknown god.
   757 | D:1      | Became a worshipper of Kikubaaqudgha
   757 | D:1      | Reached * piety under Kikubaaqudgha
   757 | D:1      | Received a gift from Kikubaaqudgha
   759 | D:1      | Quit the game

Illustrated notes

Levels and vault maps discovered:
D:1:      minmay_arrival_three_doors, layout_basic,
          hellmonk_ecumenical_altar_lost_god

Skill      XL: |  1  2 |
---------------+-------+-----
Staves         | 4 5 |  5.3
Fighting       | |  2.4
Throwing       | |  2.0
Dodging        | |  3.2

Action                   || total
-------------------------++-------
Melee: Quarterstaff      ||    55
       Headbutt          ||     9
 Stab: Sleeping          ||     1
Armor: Leather armour    ||    14
Dodge: Dodged            ||    49

Table legend: (Time is in decaauts)
 A = Elapsed time spent in this place.
 B = Non-inter-level travel time spent in this place.
 C = Inter-level travel time spent in this place.
 D = Time resting spent in this place.
 E = Time spent auto-exploring this place.
 F = Levels seen in this place.
 G = Mean time per level.
                   A        B        C        D        E       F      G
               +--------+--------+--------+--------+--------+-----+--------+
         Total |    763 |    763 |      0 |      0 |    547 |   1 |  763.0 |
       Dungeon |    763 |    763 |      0 |      0 |    547 |   1 |  763.0 |
               +--------+--------+--------+--------+--------+-----+--------+

Top non-repeatable levels by time:
     D:1: 763 daAuts
